 Dungeon Crawl Stone Soup version 0.18.1-5-g4a78601 (webtiles) character file.

942 inmateoo the Insei (level 8, -1/38 HPs)
             Began as a Tengu Transmuter on May 11, 2016.
             Was a Believer of Cheibriados.
             Slain by a sky beast (5 damage)
             ... on level 5 of the Dungeon.
             The game lasted 00:08:59 (5835 turns).

inmateoo the Insei (Tengu Transmuter)               Turns: 5835, Time: 00:09:00

Health: -1/38      AC:  9    Str: 17    XL:     8   Next: 12%
Magic:  11/14      EV:  8    Int: 17    God:    Cheibriados [**....]
Gold:   224        SH:  0    Dex: 19    Spells: 3 memorised, 8 levels left

rFire  + . .     SeeInvis .       - Unarmed
rCold  . . .     Gourm    .     o - +0 chain mail
rNeg   . . .     Faith    .     (no shield)
rPois  .         Spirit   .     (helmet restricted)
rElec  .         Dismiss  .     (no cloak)
rCorr  .         Reflect  .     (no gloves)
SustAt .         Harm     .     (boots unavailable)
MR     .....                    (no amulet)
Stlth  ..........               e - ring of protection from fire
                                (no ring)

@: very slow, not resistant to hostile enchantments, extremely unstealthy
A: beak, talons 3, blurry vision 1, frail 2, slow regeneration 1, able to fly 1
a: Fly, Bend Time, Renounce Religion


You were on level 5 of the Dungeon.
You worshipped Cheibriados.
Cheibriados was pleased with you.
You were not hungry.

You visited 1 branch of the dungeon, and saw 5 of its levels.

You collected 224 gold pieces.

Inventory:

Hand Weapons
 f - a +1 short sword of venom
 p - a +0 blowgun
 t - the +2 long sword of Iduomi {flame, *Rage Int+3}
   (You found it on level 4 of the Dungeon)

   It has been specially enchanted to burn those struck by it, causing extra
   injury to most foes and up to half again as much damage against particularly
   susceptible opponents.
   Big, fiery blades are also staple armaments of hydra-hunters.
   It affects your intelligence (+3).
   It may make you go berserk in combat.
Missiles
 a - 93 arrows
 q - 3 curare-tipped needles
Armour
 b - a +0 robe
 o - a +0 chain mail (worn)
Jewellery
 e - a ring of protection from fire (right hand)
Wands
 g - a wand of iceblast (0/15)
Scrolls
 j - 2 scrolls of teleportation
 m - 3 scrolls of remove curse
 x - a scroll of fear
Potions
 i - a potion of brilliance
Books
 c - a book of Changes

   Spells                             Type                      Level
   a - Beastly Appendage              Transmutation                1
   b - Sticks to Snakes               Transmutation                2
   c - Spider Form                    Transmutation/Poison         3
   d - Ice Form                       Ice/Transmutation            4
   e - Blade Hands                    Transmutation                5
Comestibles
 d - 3 bread rations
 k - 2 slices of pizza
 r - 4 fruits
 v - 2 meat rations
 z - a royal jelly


   Skills:
 + Level 4.1 Fighting
 + Level 3.5 Armour
 + Level 2.8 Dodging
 * Level 6.5 Unarmed Combat
 - Level 3.6 Spellcasting
 - Level 3.0 Transmutations


You had 8 spell levels left.
You knew the following spells:

 Your Spells              Type           Power        Failure   Level  Hunger
a - Beastly Appendage     Trmt           ##....       69%         1    None
b - Sticks to Snakes      Trmt           ##......     88%         2    ##.....
c - Spider Form           Trmt/Pois      #.........   100%        3    ###....


Dungeon Overview and Level Annotations

Branches:
Dungeon (5/15)             Temple (0/1) D:4

Altars:
Cheibriados
Dithmenos
Elyvilon
Pakellas
Sif Muna

Shops:
D:4 (

Annotations:
D:3 inmateoo's ghost, amateur GrGl
D:5 Sigmund


Innate Abilities, Weirdness & Mutations

You have a beak for a mouth.
You have claws for feet.
You can fly.
Scrolls take you a little longer to read.
You are very frail (-20% HP).
You regenerate slowly when monsters are visible.


Message History

You hit the sky beast.
You claw the sky beast, but do no damage.
The sky beast is almost dead.
The sky beast barely misses you.
Your chain mail prevents you from hitting the sky beast.
The sky beast is almost dead.
The sky beast hits you. The sky beast shocks you.
* * * LOW HITPOINT WARNING * * *
You are too injured to fight recklessly!
You closely miss the sky beast. Your kick misses the sky beast.
The sky beast is almost dead.
The sky beast barely misses you.
You hit the sky beast.
The sky beast is almost dead.
The sky beast flickers out of sight!
Deactivating autopickup; reactivate with Ctrl-A.
Something hits you.
* * * LOW HITPOINT WARNING * * *
Something shocks you.
You die...

............................#
............................#
............................#
............................#
..............#######'#######
..............#.............#
##'######.....#.....÷.......#
#.......#.....#..###..###'###
........#.....#.@###..###..##
........#.....#..{..........#
#.......#.....'.............#
#.......#.....#........######
#########.....#........#
............####.##....#
...............####....#
................###....#
.........>......♣#'....#


There were no monsters in sight!

Vanquished Creatures
  A water moccasin (D:5)
  An ice beast (D:5)
  2 phantoms
  An ogre (D:5)
  A howler monkey (D:5)
  A centaur skeleton (D:5)
  A jelly (D:5)
  2 orc priests
  2 orc wizards
  An iguana (D:5)
  3 worker ants
  A worker ant zombie (D:5)
  4 adders
  A shadow imp (D:5)
  5 worms
  4 dart slugs
  2 giant geckos
  14 orcs
  8 bats
  4 giant cockroaches
  9 goblins
  9 hobgoblins
  5 jackals (D:1)
  5 kobolds
  2 quokkas
  3 ball pythons
  3 giant newts
  A jackal skeleton (D:4)
  3 quokka skeletons
  7 rats
106 creatures vanquished.

Notes
Turn   | Place    | Note
--------------------------------------------------------------
     0 | D:1      | inmateoo the Tengu Transmuter began the quest for the Orb.
     0 | D:1      | Reached XP level 1. HP: 12/12 MP: 4/4
    37 | D:1      | Reached XP level 2. HP: 9/16 MP: 6/6
   570 | D:1      | Reached XP level 3. HP: 19/21 MP: 7/7
   625 | D:1      | Learned a level 2 spell: Sticks to Snakes
   629 | D:1      | Learned a level 3 spell: Spider Form
  1156 | D:2      | Reached skill level 4 in Unarmed Combat
  1406 | D:2      | Reached XP level 4. HP: 16/26 MP: 8/8
  2046 | D:3      | Found a snail-covered altar of Cheibriados.
  2051 | D:3      | Became a worshipper of Cheibriados the Contemplative
  2155 | D:3      | Noticed inmateoo's ghost (amateur GrGl)
  2259 | D:3      | Found a deep blue altar of Sif Muna.
  2548 | D:3      | Gained mutation: You can fly. [Tengu growth]
  2548 | D:3      | Reached XP level 5. HP: 31/31 MP: 10/10
  2568 | D:3      | Reached skill level 1 in Armour
  2861 | D:4      | Noticed a phantom
  2862 | D:4      | Found a staircase to the Ecumenical Temple.
  2940 | D:4      | Killed a phantom
  2940 | D:4      | Reached skill level 5 in Unarmed Combat
  2940 | D:4      | Reached XP level 6. HP: 7/36 MP: 11/11
  3309 | D:4      | Got a warped long sword
  3310 | D:4      | Identified the +2 long sword of Iduomi {flame, *Rage Int+3} (You found it on level 4 of the Dungeon)
  3337 | D:4      | Found Saschaur's Weapon Shoppe.
  3516 | D:4      | Reached * piety under Cheibriados
  3527 | D:4      | Found a white marble altar of Elyvilon.
  3918 | D:5      | Entered Level 5 of the Dungeon
  3990 | D:5      | Noticed a water moccasin
  4000 | D:5      | Killed a water moccasin
  4000 | D:5      | Reached XP level 7. HP: 5/41 MP: 12/12
  4009 | D:5      | Gained mutation: You regenerate slowly when monsters are visible. [potion of mutation]
  4009 | D:5      | Gained mutation: You are frail (-10% HP). [potion of mutation]
  4009 | D:5      | Gained mutation: Scrolls take you a little longer to read. [potion of mutation]
  4010 | D:5      | Gained mutation: You are very frail (-20% HP). [potion of mutation]
  4568 | D:5      | Found an oddly glowing altar of Pakellas.
  4568 | D:5      | Found a shadowy altar of Dithmenos.
  4902 | D:5      | Reached skill level 6 in Unarmed Combat
  5307 | D:5      | Reached XP level 8. HP: 32/38 MP: 14/14
  5496 | D:5      | Reached ** piety under Cheibriados
  5654 | D:5      | Noticed Sigmund
  5835 | D:5      | Slain by a sky beast

Skill      XL: |  1  2  3  4  5  6  7  8 |
---------------+-------------------------+-----
Fighting       | 2 3 4 |  4.1
Unarmed Combat | 4 5 6 |  6.5
Transmutations | 2 3 |  3.0
Armour         | 1 2 3 |  3.5
Spellcasting   | 3 |  3.6
Dodging        | |  2.8

Action                   |  1- 3 |  4- 6 |  7- 9 || total
-------------------------+-------+-------+-------++-------
Melee: Unarmed           |    20 |    22 |   140 ||   182
       Kick              |    13 |    46 |    49 ||   108
       Peck              |    10 |    27 |    38 ||    75
       Headbutt          |     1 |       |       ||     1
       Short sword       |    64 |    83 |       ||   147
       Punch             |     2 |     2 |     3 ||     7
       Long sword        |       |    31 |     7 ||    38
 Fire: Blowgun           |       |     3 |       ||     3
 Cast: Beastly Appendage |     3 |       |       ||     3
Invok: Bend Time         |       |       |     1 ||     1
Evoke: Wand              |       |     1 |     2 ||     3
  Use: Scroll            |     3 |     8 |     1 ||    12
       Potion            |       |     5 |     5 ||    10
 Stab: Sleeping          |     2 |     1 |       ||     3
  Eat: Chunk             |     1 |    10 |     2 ||    13
Armor: Robe              |    20 |     6 |       ||    26
       Chain mail        |       |    60 |    66 ||   126
Dodge: Dodged            |    67 |    56 |    42 ||   165
